 Dungeon Crawl Stone Soup version 0.18-a0-23-g19353e1 (webtiles) character file.

194 Ijustatesigmund the Sneak (level 5, -4/42 HPs)
             Began as a Naga Wizard on Nov 2, 2015.
             Slain by a hobgoblin
             ... wielding a +0 club
              (7 damage)
             ... on level 2 of the Dungeon.
             The game lasted 00:07:56 (1473 turns).

Ijustatesigmund the Sneak (Naga Wizard)             Turns: 1473, Time: 00:07:56

Health: -4/42      AC:  2    Str:  9 (10) XL:     5   Next: 73%
Magic:  0/9        EV: 15    Int: 19      God:
Gold:   61         SH:  0    Dex: 14      Spells: 4 memorised, 2 levels left

rFire  . . .     SeeInvis +     j - +1 dagger
rCold  . . .     Clarity  .     e - +0 robe (curse)
rNeg   . . .     SustAt   .     (no shield)
rPois  +         Gourm    .     b - +0 hat
rElec  .         Spirit   .     (no cloak)
rCorr  .         Warding  .     (no gloves)
rMut   .         Stasis   .     (no barding)
MR     .....                    (no amulet)
Stlth  +++++.....               (no ring)
                                (no ring)

@: agile, repel missiles, very slow, not resistant to hostile enchantments,
quite stealthy
A: see invisible, deformed body, mutation resistance 1, poison resistance,
slowness 2, slow metabolism 1, spit poison 2, AC +1
a: Spit Poison


You were on level 2 of the Dungeon.
You were not hungry.

You visited 1 branch of the dungeon, and saw 2 of its levels.

You collected 61 gold pieces.

Inventory:

Hand Weapons
 j - a +1 dagger (weapon)
Armour
 b - a +0 hat (worn)
 e - a cursed +0 robe (worn)
Jewellery
 f - an uncursed ring of ice
Potions
 k - a potion of beneficial mutation
Books
 c - a book of Minor Magic

   Spells                             Type                      Level
   a - Magic Dart                     Conjuration                  1
   b - Blink                          Translocation                2
   c - Call Imp                       Summoning                    2
   d - Repel Missiles                 Charms/Air                   2
   e - Slow                           Hexes                        2
   f - Conjure Flame                  Conjuration/Fire             3
   g - Mephitic Cloud                 Conjuration/Poison/Air       3
Comestibles
 d - 2 bread rations
 h - a meat ration


   Skills:
 - Level 1.5 Dodging
 + Level 6.9 Stealth
 - Level 3.0 Spellcasting
 + Level 3.6 Conjurations
   Level 1.0 Summonings
 - Level 1.0 Translocations


You had 2 spell levels left.
You knew the following spells:

 Your Spells              Type           Power        Failure   Level  Hunger
a - Magic Dart            Conj           ###.         4%          1    None
b - Blink                 Tloc           N/A          17%         2    ##.....
c - Repel Missiles        Chrm/Air       #.....       24%         2    ##.....
d - Mephitic Cloud        Conj/Pois/Air  #.......     34%         3    ###....


Dungeon Overview and Level Annotations

Branches:
Dungeon (2/15)

Altars:


Innate Abilities, Weirdness & Mutations

You cannot wear boots.
Your serpentine skin is tough (AC +1).
You have supernaturally acute eyesight.
Armour fits poorly on your strangely shaped body.
Your system is resistant to poisons.
You cover ground very slowly.
You have a slow metabolism.
You can spit poison.
You are somewhat resistant to further mutation.


Message History

It was a potion of beneficial mutation.
You feel genetically stable.
You feel fantastic!
Drink which item? (? for menu, Esc to quit)
It was a potion of agility.
You feel agile all of a sudden.
Drink which item? (? for menu, Esc to quit)
It was a potion of degeneration.
There was something very wrong with that liquid.
You feel weakened.
Casting: Blink
Confirm with . or Enter, or press ? or * to list all spells.
Aiming: Magic Dart
Press: ? - help, Shift-Dir - straight line, f - hobgoblin
Aim: a hobgoblin, wielding a club The magic dart hits the hobgoblin.
You hit the hobgoblin.
The hobgoblin is almost dead.
The hobgoblin hits you with a club!
You die...

..## #...########............)##
...###.##.........#.....#......#
.......##..............###.....#
..#..####..........#"..###.....##
#.#..####.........##...#.........
...[.(.................#.........
#.....##....)....................
...................##......b.....
...............g@...###........#
#.#...............#.#####......#
.....#.......).......## #......#
.......##.###.........###.<...#..
.#.######....####.......†........
.#.# ####.# ##..#.###........
.#.# #... ##...####..#....
..<###### ## .. ##...# #......
...(....# . ##### ##....


You could see a hobgoblin.

Vanquished Creatures
  Sigmund (D:2)
  An adder (D:2)
  An ooze (D:1)
  A giant cockroach (D:1)
  2 hobgoblins
  4 kobolds
  3 bats
  5 giant newts
  6 goblins
  3 rats
27 creatures vanquished.

Notes
Turn   | Place    | Note
--------------------------------------------------------------
     0 | D:1      | Ijustatesigmund the Naga Wizard began the quest for the Orb.
     0 | D:1      | Reached XP level 1. HP: 15/15 MP: 4/4
   305 | D:1      | Reached XP level 2. HP: 11/22 MP: 0/6
   309 | D:1      | Learned a level 2 spell: Blink
   333 | D:1      | Learned a level 2 spell: Repel Missiles
   554 | D:1      | Reached skill level 4 in Stealth
  1164 | D:2      | Reached XP level 3. HP: 22/28 MP: 3/7
  1169 | D:2      | Learned a level 3 spell: Mephitic Cloud
  1325 | D:2      | Reached skill level 5 in Stealth
  1330 | D:2      | Noticed Sigmund
  1431 | D:2      | HP: 1/28 [Sigmund/magic dart (7)]
  1445 | D:2      | Killed Sigmund
  1445 | D:2      | Reached skill level 6 in Stealth
  1445 | D:2      | Reached XP level 4. HP: 2/36 MP: 1/8
  1445 | D:2      | Reached XP level 5. HP: 2/42 MP: 1/9
  1467 | D:2      | HP: 2/42 [hobgoblin/club (4)]
  1469 | D:2      | Gained mutation: You are somewhat resistant to further mutation. [potion of beneficial mutation]
  1473 | D:2      | Slain by a hobgoblin

Vault maps used:
D:1:      dpeg_arrival_rooms_a
D:2:      lemuel_coloured_pillars_altar, first_bread, uniq_sigmund

Action                   |  1- 3 |  4- 6 || total
-------------------------+-------+-------++-------
Melee: Unarmed           |    10 |       ||    10
       Dagger            |    17 |     2 ||    19
Throw: Tomahawk          |     2 |       ||     2
 Cast: Magic Dart        |    51 |     1 ||    52
       Repel Missiles    |     1 |       ||     1
       Blink             |     1 |     2 ||     3
       Mephitic Cloud    |     1 |       ||     1
  Use: Scroll            |     4 |       ||     4
       Potion            |       |     3 ||     3
 Stab: Confused          |     2 |       ||     2
       Sleeping          |     2 |       ||     2
  Eat: Chunk             |     1 |       ||     1
